 Dungeon Crawl Stone Soup version 0.29.1-15-g9cfb28693d (webtiles) character file.

Game seed: 1661497611211896473

151 Labrat the Digger (level 5, -4/38 HPs)
             Began as a Meteoran Earth Elementalist on Aug 28, 2023.
             Slain by a gnoll
             ... wielding a +0 spear
              (9 damage)
             ... on level 2 of the Dungeon.
             The game lasted 00:09:25 (760 turns).

Labrat the Digger (Meteoran Earth Elementalist)      Turns: 760, Time: 00:09:27

Health: -4/38      AC:  2    Str: 10    XL:     5   Next: 91%
Magic:  2/12       EV: 12    Int: 18    God:
Gold:   38         SH:  0    Dex: 14    Spells: 8/12 levels left

rFire   . . .      SeeInvis .   (no weapon)
rCold   . . .      Faith    .   (no shield)
rNeg    . . .      Spirit   .   a - +0 robe
rPois   .          Reflect  .   (no helmet)
rElec   .          Harm     .   (no cloak)
rCorr   .          Rampage  .   (no gloves)
Will    .....                   (no boots)
Stlth   +.........              (no amulet)
HPRegen 0.12/turn               (no ring)
MPRegen 0.13/turn               (no ring)

@: very slightly contaminated, glowing
A: sense surroundings 1, otherworldly, glowing, explore regen
a: no special abilities


You were on level 2 of the Dungeon.
You visited 1 branch of the dungeon, and saw 4 of its levels.

You collected 38 gold pieces.

Inventory:

Armour
 a - a +0 robe (worn)
Scrolls
 h - a scroll of summoning {unknown}
 i - 2 scrolls of identify {unknown}
 j - a scroll of enchant armour {unknown}
 k - a scroll of silence {unknown}
Potions
 b - a potion of magic
 c - a potion of heal wounds {unknown}
 d - 2 potions of curing {unknown}


   Skills:
 - Level 2.4 Dodging
 - Level 1.4 Stealth
 + Level 4.1 Spellcasting
 + Level 2.4 Conjurations
 + Level 3.1 Transmutations
 + Level 4.7 Earth Magic


You had 8 spell levels left.
You knew the following spells:

 Your Spells              Type           Power      Damage    Failure   Level
a - Sandblast             Erth           40%        2d10      1%          1
b - Magic Dart            Conj           48%        1d5       5%          1
c - Passwall              Tmut/Erth      14%        N/A       4%          2

Your spell library contained the following spells:

 Spells                   Type           Power      Damage    Failure   Level
 Stone Arrow              Conj/Erth      32%        3d9       10%         3
 Blink                    Tloc           6%         N/A       22%         2
 Call Imp                 Summ           3%         N/A       22%         2
 Petrify                  Tmut/Erth      17%        N/A       28%         4
 Mephitic Cloud           Conj/Pois/Air  6%         N/A       30%         3
 Gell's Gravitas          Tloc           3%         N/A       41%         3
 Lesser Beckoning         Tloc           3%         N/A       41%         3
 Teleport Other           Tloc           3%         N/A       41%         3
 Manifold Assault         Tloc           3%         N/A       99%         5
 Storm Form               Tmut/Air       4%         N/A       100%        7


Dungeon Overview and Level Annotations

Branches:
Dungeon (4/15) Zot: 1612
 Temple: D:4-7

Altars:


Innate Abilities, Weirdness & Mutations

You passively map a small area around you.
You are easily found by Zot.
You glow in the dark.
You regain HP and MP as you explore.


Message History

Confirm with . or Enter, or press ? or * to list all spells.
Aiming: Magic Dart (safe; 5% risk of failure)
Press: ? - help, Shift-Dir - straight line, f/p - gnoll
Aim: a gnoll, wielding a +0 spear (100% to hit)
The magic dart hits the gnoll.
The gnoll is lightly wounded.
The gnoll completely misses you.
Unknown command.
Casting: Magic Dart (safe; 5% risk of failure)
Confirm with . or Enter, or press ? or * to list all spells.
Aiming: Magic Dart (safe; 5% risk of failure)
Press: ? - help, Shift-Dir - straight line, f/p - gnoll
Aim: a gnoll, wielding a +0 spear (lightly wounded, 100% to hit)
The magic dart hits the worm.
The worm is moderately wounded.
The gnoll hits you from afar with a +0 spear.
* * * LOW HITPOINT WARNING * * *
Casting: Magic Dart (safe; 5% risk of failure)
Confirm with . or Enter, or press ? or * to list all spells.
Aiming: Magic Dart (safe; 5% risk of failure)
Press: ? - help, Shift-Dir - straight line, f/p - gnoll
Aim: a gnoll, wielding a +0 spear (100% to hit)
The magic dart hits the gnoll but does no damage.
Casting: Magic Dart (safe; 5% risk of failure)
Confirm with . or Enter, or press ? or * to list all spells.
Aiming: Magic Dart (safe; 5% risk of failure)
Press: ? - help, Shift-Dir - straight line, f/p - gnoll
Aim: a gnoll, wielding a +0 spear (100% to hit)
The magic dart hits the gnoll.
The gnoll is lightly wounded.
Casting: Magic Dart (safe; 5% risk of failure)
Confirm with . or Enter, or press ? or * to list all spells.
Aiming: Sandblast (safe; 1% risk of failure)
Press: ? - help, Shift-Dir - straight line, f/p - gnoll
Aim: a gnoll, wielding a +0 spear (lightly wounded, 85% to hit)
You miscast Sandblast.
You are very lightly contaminated with residual magic.
Nothing appears to happen.
The gnoll hits you from afar with a +0 spear!
You die...

........r. , .. *#......#
........###.#.#########.>#*
.......##.#,..##.........#
.......)..# #..........#.#
.....####.###..........#.###
.......♣....#..........+...#
...g..♣.♣...#..........###.#
..?..♣♣.♣...w..........# #.#
###..♣..♣..♣..g.@......# #.#
#..♣.♣♣.♣♣....†......# #.#
#..♣g♣..♣.♣..........###.#
#..♣.♣♣♣♣.♣...........##.#
##..♣..♣♣..♣............#.#
#....♣.♣.♣♣♣............#.#
#.♣♣.♣...♣ #..).........#.#
#♣.♣♣♣.⌠.♣ ♣♣.#'######....#
♣...♣...♣♣..♣#(........###


You could see a worm and a gnoll.

Vanquished Creatures
  2 orc wizards (D:3)
  3 gnolls (D:2)
  An adder (D:3)
  A worm (D:2)
  8 orcs
  2 bats (D:1)
  3 endoplasms (D:2)
  2 giant cockroaches (D:1)
  6 goblins
  7 hobgoblins
  5 kobolds
  3 quokkas
  2 ball pythons
  3 frilled lizards
  5 rats
53 creatures vanquished.

Notes
Turn   | Place    | Note
-------+----------+-------------------------------------------
     0 | D:1      | Labrat the Meteoran Earth Elementalist began the quest for
                  | the Orb.
     0 | D:1      | Reached XP level 1. HP: 14/14 MP: 5/5
    61 | D:1      | Learned a level 1 spell: Magic Dart
   108 | D:1      | Reached XP level 2. HP: 20/20 MP: 2/6
   216 | D:2      | Reached XP level 3. HP: 26/26 MP: 3/8
   268 | D:1      | Reached skill level 1 in Conjurations
   522 | D:3      | Reached XP level 4. HP: 18/33 MP: 1/10
   547 | D:3      | Learned a level 2 spell: Passwall
   550 | D:3      | You fall into a shaft and drop 1 floor!
   628 | D:3      | Reached XP level 5. HP: 17/38 MP: 0/11
   713 | D:2      | Found a faded altar of an unknown god.
   760 | D:2      | Slain by a gnoll

Illustrated notes

Levels and vault maps discovered:
D:1:      dpeg_arrival_tiny_c, layout_loops_ring, chequers_arboretum,
          minmay_misc_feat_rows
D:2:      layout_basic, shapermc_ecumenical_altar_totnotflames,
          minmay_misc_feat_enclosed
D:3:      layout_loops_ring
D:4:      layout_rooms, grunt_qazlal_sundering, lemuel_doored_altar,
          serial_shops, shop_fountains, kennysheep_generic_room_13

Skill      XL: |  1  2  3  4  5 |
---------------+----------------+-----
Spellcasting   | 3 4 |  4.1
Earth Magic    | 4 |  4.7
Conjurations   | 1 2 |  2.4
Transmutations | 2 3 |  3.1
Dodging        | |  2.4
Stealth        | |  1.4

Action                   |  1- 3 |  4- 6 || total
-------------------------+-------+-------++-------
Melee: Unarmed           |    13 |     8 ||    21
       Punch             |     1 |       ||     1
 Cast: Magic Dart        |    30 |    25 ||    55
       Sandblast         |    27 |    28 ||    55
  Use: Scroll            |       |     4 ||     4
Armor: Robe              |     5 |     6 ||    11
Dodge: Dodged            |    17 |    27 ||    44
